 Dungeon Crawl Stone Soup version 0.32-a0-30-gefbe487952 (webtiles) character file.

Game seed: 12331885649693779818

571 case the Cleaver (level 7, 0/61 HPs)
             Began as a Minotaur Berserker on Jan 19, 2024.
             Was a Priest of Trog.
             Incinerated by a bombardier beetle (4 damage)
             ... with a burning spray
             ... on level 4 of the Dungeon.
             The game lasted 00:04:28 (2502 turns).

case the Cleaver (Minotaur Berserker)               Turns: 2502, Time: 00:04:28

Health: 0/61       AC: 13    Str: 24    XL:     7   Next: 11%
Magic:  6/6        EV:  7    Int:  4    God:    Trog [***...]
Gold:   219        SH:  0    Dex:  9    Spells: 6/6 levels left

rFire   . . .        p - +0 battleaxe
rCold   . . .        (shield currently unavailable)
rNeg    . . .        d - +0 plate armour
rPois   .            (helmet restricted)
rElec   .            s - +0 cloak
rCorr   .            (no gloves)
SInv    .            t - +0 pair of boots
Will    .....        (no amulet) Stlth
                     (no ring)
HPRegen 0.30/turn    (no ring)
MPRegen 0.10/turn

%: no passive effects
@: on fire, glowing
A: horns 2, retaliatory headbutt
a: Renounce Religion, Berserk, Trog's Hand


You were on level 4 of the Dungeon.
You worshipped Trog.
Trog was most pleased with you.
You visited 1 branch of the dungeon, and saw 4 of its levels.

You collected 219 gold pieces.

Inventory:

Hand Weapons
 p - a +0 battleaxe (weapon)
Armour
 a - the +0 robe "Hituz" {rPois rC+}
   (You found it on level 3 of the Dungeon)

   rC+:       It protects you from cold.
   rPois:     It protects you from poison
 d - a +0 plate armour (worn)
 s - a +0 cloak (worn)
 t - a +0 pair of boots (worn)
Jewellery
 q - a ring of fire
Scrolls
 c - a scroll of vulnerability
 e - a scroll of amnesia {unknown}
 f - a scroll of revelation {unknown}
 g - a scroll of identify {unknown}
 h - a scroll of enchant armour {unknown}
 l - 2 scrolls of fog {unknown}
 n - a scroll of enchant weapon {unknown}
 o - 2 scrolls of poison
Potions
 b - a potion of attraction {unknown}
 i - a potion of mutation {unknown}
 j - a potion of ambrosia {unknown}
 k - 3 potions of lignification {unknown}
 m - a potion of enlightenment {unknown}
 r - a potion of heal wounds {unknown}


   Skills:
 - Level 5.0 Fighting
 * Level 9.2 Axes
 - Level 2.4 Armour
 - Level 2.1 Dodging


You had 6 spell levels left.
You didn't know any spells.
Your spell library was empty.

Dungeon Overview and Level Annotations

Branches:
Dungeon (4/15)
 Temple: D:4-7

Altars:
Ashenzari
Gozag
Vehumet

Shops:
D:1 (   D:2 [


Innate Abilities, Weirdness & Mutations

You have a pair of horns on your head.
You reflexively headbutt those who attack you in melee.


Message History

You slash the bombardier beetle!
The bombardier beetle is almost dead.
The liquid fire burns you!
You closely miss the bombardier beetle.
The bombardier beetle is almost dead.
The liquid fire burns you!
The bombardier beetle bites you but does no damage.
You barely miss the bombardier beetle.
The bombardier beetle is almost dead.
The liquid fire burns you!
The bombardier beetle sprays incendiary fluid at you.
The burning spray hits you.
You are even more covered in liquid fire!
You hit the bombardier beetle.
You kill the bombardier beetle!
Trog accepts your kill. The liquid fire burns you!
You shake off some of the fire as you move.
The liquid fire burns you!
The dart slug bites you but does no damage.
You slice the dart slug!!
You kill the dart slug!
Trog accepts your kill. The liquid fire burns you!
You shake off some of the fire as you move.
The liquid fire burns you!
You are on fire!
You are on fire!
You shake off some of the fire as you move.
The liquid fire burns you!
* * * LOW HITPOINT WARNING * * *
You are on fire!
The liquid fire burns you!
* * * LOW HITPOINT WARNING * * *
The liquid fire burns you!
* * * LOW HITPOINT WARNING * * *
The liquid fire burns you!
* * * LOW HITPOINT WARNING * * *
The liquid fire burns you!
You die...

#.# # ###..#. .....# ..
##.#.# #. ####....####### #.
#.............# #. #.
#..........#### #. #.
#.#...@....... #. #.
#.#........... #.
###.###.#.####..####.#######.
#.........### ..# #.........
#.#.............# ###.....
#....##.######.## #...##
##'''###### #...##
+.....'...# #..###
+.PPP.'._.# #.....


There were no monsters in sight!

Vanquished Creatures
  3 phantoms
  A scorpion (D:2)
  A jelly (D:4)
  2 bombardier beetles (D:4)
  Terence (D:2)
  4 gnolls (D:3)
  6 adders
  2 dart slugs
  5 orcs
  2 bats
  7 endoplasms
  3 giant cockroaches
  5 goblins
  6 hobgoblins
  6 jackals (D:1)
  5 quokkas
  11 ball pythons
  5 frilled lizards
  8 kobolds
  3 rats
86 creatures vanquished.

Notes
Turn   | Place    | Note
-------+----------+-------------------------------------------
     0 | D:1      | case the Minotaur Berserker began the quest for the Orb.
     0 | D:1      | Reached XP level 1. HP: 19/19 MP: 0/0
    87 | D:1      | Reached skill level 4 in Axes
   152 | D:1      | Reached XP level 2. HP: 24/27 MP: 1/1
   516 | D:1      | Found Laqaall's Weapon Shoppe.
   524 | D:1      | Reached XP level 3. HP: 33/33 MP: 2/2
   525 | D:1      | Reached ** piety under Trog
   697 | D:2      | Noticed a scorpion
   698 | D:2      | Noticed Terence
   707 | D:2      | Killed Terence
   708 | D:2      | Reached skill level 5 in Axes
   708 | D:2      | Killed a scorpion
   709 | D:2      | Reached XP level 4. HP: 41/41 MP: 3/3
   784 | D:2      | Reached skill level 6 in Axes
   868 | D:2      | Reached skill level 5 in Fighting
   868 | D:2      | Reached XP level 5. HP: 45/48 MP: 4/4
  1209 | D:2      | Found Ennuss's Armour Shoppe.
  1480 | D:3      | Found a broken altar of Ashenzari.
  1654 | D:3      | Noticed a phantom
  1667 | D:3      | Killed a phantom
  1668 | D:3      | Reached skill level 7 in Axes
  1668 | D:3      | Reached XP level 6. HP: 39/56 MP: 5/5
  2034 | D:3      | Identified the +0 robe "Hituz" {rPois rC+}
  2153 | D:4      | Reached skill level 8 in Axes
  2243 | D:4      | Reached *** piety under Trog
  2348 | D:4      | Found a radiant altar of Vehumet.
  2441 | D:4      | Reached skill level 9 in Axes
  2441 | D:4      | Reached XP level 7. HP: 58/61 MP: 6/6
  2476 | D:4      | Found an opulent altar of Gozag.
  2502 | D:4      | Incinerated by a bombardier beetle

Illustrated notes

Levels and vault maps discovered:
D:1:      matt_arrival_spirals, layout_rooms, serial_shops,
          nicolae_shop_bloodbath_and_beyond
D:2:      layout_loops_cross, serial_shops,
          nicolae_shop_temple_entry_statues_fountains, kennysheep_minor_cross,
          uniq_terence, uniq_crazy_yiuf_cottage
D:3:      layout_basic, mainiacjoe_overflow_catwalk, minmay_stone_trees_small,
          skrybe_limestone_x, kennysheep_big_empty_room,
          kennysheep_generic_room_12
D:4:      layout_loops_ring, mainiacjoe_overflow_surrounded_room,
          mainiacjoe_overflow_big_doors, serial_shops, shop,
          kennysheep_generic_room_14

Skill      XL: |  1  2  3  4  5  6 |
---------------+-------------------+-----
Axes           | 4 5 6 7 9 |  9.2
Fighting       | 4 5 |  5.0
Armour         | |  2.4
Dodging        | |  2.1

Action                     |  1- 3 |  4- 6 |  7- 9 || total
---------------------------+-------+-------+-------++-------
  Melee: Hand axe          |    64 |    18 |       ||    82
         Headbutt          |    11 |    13 |       ||    24
         Battleaxe         |       |    88 |     5 ||    93
 Invoke: Berserk           |     1 |     1 |       ||     2
    Use: Scroll            |       |     2 |       ||     2
 Armour: Animal skin       |     6 |       |       ||     6
         Plate armour      |    41 |    94 |     3 ||   138
  Dodge: Dodged            |    39 |    37 |       ||    76

Table legend: (Time is in decaauts)
 A = Elapsed time spent in this place.
 B = Non-inter-level travel time spent in this place.
 C = Inter-level travel time spent in this place.
 D = Time resting spent in this place.
 E = Time spent auto-exploring this place.
 F = Levels seen in this place.
 G = Mean time per level.
                   A        B        C        D        E       F      G
               +--------+--------+--------+--------+--------+-----+--------+
         Total |   2560 |   2498 |     62 |     76 |   1869 |   4 |  640.0 |
       Dungeon |   2560 |   2498 |     62 |     76 |   1869 |   4 |  640.0 |
               +--------+--------+--------+--------+--------+-----+--------+

Top non-repeatable levels by time:
     D:3: 814 daAuts
     D:1: 663 daAuts
     D:2: 655 daAuts
     D:4: 427 daAuts
